SA
LAREDO HAWKS @ NIAGARA FALLS EXPOS
08/18/2038
 
TOP OF THE 1ST
Laredo Hawks batting - Pitching for Niagara Falls Expos : RHP Maximiano Agostinho
Pitching: RHP Maximiano Agostinho
Batting: LHB Henry Head 0-0: Foul Ball, location: 2F
0-1: Ground out U3 (Groundball, 34, EV 83.8 MPH)
Batting: RHB Ji-hyun Yi 0-0: Called Strike
0-1: Called Strike
0-2: Ball
1-2: Strikes out looking
Batting: RHB Juan Oleastro 0-0: Ball
1-0: Called Strike
1-1: Ball
2-1: Called Strike
2-2: Strikes out swinging
Top of the 1st over - 0 runs, 0 hits, 0 errors, 0 left on base; Laredo 0 - Niagara Falls 0
BOTTOM OF THE 1ST
Niagara Falls Expos batting - Pitching for Laredo Hawks : LHP Miguel Núñez
Pitching: LHP Miguel Núñez
Batting: RHB Ambrose Watkins 0-0: Ball
1-0: Called Strike
1-1: Ball
2-1: Ball
3-1: Ground out 1-3 (Groundball, 23, EV 63.8 MPH)
Batting: RHB Bernard Langeman 0-0: Ball
1-0: Foul Ball, location: 2F
1-1: Swinging Strike
1-2: Foul Ball, location: 2F
1-2: Strikes out swinging
Batting: RHB Rafael Mastache 0-0: Ball
1-0: Swinging Strike
1-1: Foul Ball, location: 2F
1-2: Foul Ball, location: 2F
1-2: Foul Ball, location: 2F
1-2: Strikes out looking
Bottom of the 1st over - 0 runs, 0 hits, 0 errors, 0 left on base; Laredo 0 - Niagara Falls 0
TOP OF THE 2ND
Laredo Hawks batting - Pitching for Niagara Falls Expos : RHP Maximiano Agostinho
Batting: RHB Eddie Neef 0-0: Called Strike
0-1: Ground out 6-3 (Groundball, 6, EV 103.1 MPH)
Batting: RHB Jesús Gómez 0-0: Ball
1-0: Called Strike
1-1: Ball
2-1: Foul Ball, location: 2F
2-2: Fly out, F8 (Flyball, 89M, EV 89.4 MPH)
Batting: RHB Robby Long 0-0: Ball
1-0: Called Strike
1-1: Foul Ball, location: 2F
1-2: Fly out, F8 (Flyball, 8RS, EV 91.9 MPH)
Top of the 2nd over - 0 runs, 0 hits, 0 errors, 0 left on base; Laredo 0 - Niagara Falls 0
BOTTOM OF THE 2ND
Niagara Falls Expos batting - Pitching for Laredo Hawks : LHP Miguel Núñez
Batting: SHB Junya Furuya 0-0: Reached on error, E1 (Groundball, 13S, EV 72.5 MPH)
Batting: SHB Raúl Miranda 0-0: Ball
1-0: SINGLE (Groundball, 6MD, EV 94.4 MPH)
Junya Furuya to second
Runner from 2nd tries for 3rd, SAFE, throw by CF made to third
Batting: RHB Juan Vázquez 0-0: Ball
1-0: Fly out, F4 (Popup, 4M, EV 74.4 MPH)
Batting: RHB Frank Tatum 0-0: Bunted foul
0-1: Swinging Strike
0-2: Fielders Choice at 2nd, 4-6 (Groundball, 4M, EV 102.5 MPH)
Junya Furuya scores
Batting: SHB Buretaua Taati 0-0: Ball
1-0: Ball
2-0: Called Strike
2-1: Ball
3-1: Fly out, F8 (Flyball, 8RS, EV 85.0 MPH)
Bottom of the 2nd over - 1 run, 1 hit, 1 error, 1 left on base; Laredo 0 - Niagara Falls 1
TOP OF THE 3RD
Laredo Hawks batting - Pitching for Niagara Falls Expos : RHP Maximiano Agostinho
Batting: LHB Asberry Harpending 0-0: Called Strike
0-1: Ball
1-1: Ball
2-1: Ground out 5-3 (Groundball, 56, EV 102.5 MPH)
Batting: RHB Jessie Gibbs 0-0: Called Strike
0-1: Ball
1-1: Called Strike
1-2: Foul Ball, location: 2F
1-2: Fly out, F7 (Line Drive, 7, EV 98.8 MPH)
Batting: RHB Doug Chapman 0-0: Ball
1-0: Ball
2-0: Called Strike
2-1: Foul Ball, location: 2F
2-2: Ball
3-2: Foul Ball, location: 2F
3-2: Foul Ball, location: 2F
3-2: Foul Ball, location: 2F
3-2: Base on Balls
Batting: LHB Henry Head 0-0: Foul Ball, location: 2F
0-1: Swinging Strike
0-2: Foul Ball, location: 2F
0-2: Ground out U3 (Groundball, 3, EV 108.1 MPH)
Top of the 3rd over - 0 runs, 0 hits, 0 errors, 1 left on base; Laredo 0 - Niagara Falls 1
BOTTOM OF THE 3RD
Niagara Falls Expos batting - Pitching for Laredo Hawks : LHP Miguel Núñez
Batting: RHB Sincere Wushon David 0-0: Ball
1-0: Called Strike
1-1: Swinging Strike
1-2: Strikes out looking
Batting: RHB Ambrose Watkins 0-0: Swinging Strike
0-1: Foul Ball, location: 2F
0-2: Ball
1-2: Ball
2-2: Foul Ball, location: 2F
2-2: SINGLE (Line Drive, 3D, EV 103.8 MPH)
Batting: RHB Bernard Langeman 0-0: Swinging Strike
0-1: Swinging Strike
0-2: Ball
1-2: Ball
2-2: Ball
3-2: Strikes out swinging
Batting: RHB Rafael Mastache 0-0: SINGLE (Groundball, 6D, EV 103.1 MPH)
Ambrose Watkins to second
Batting: SHB Junya Furuya 0-0: Called Strike
0-1: Ball
1-1: Called Strike
1-2: Ball
2-2: Foul Ball, location: 2F
2-2: SINGLE (Line Drive, 34D, EV 98.1 MPH)
Ambrose Watkins to third
Rafael Mastache to second
Runner from 3rd tries for Home, SAFE, throw by RF to home
Batting: SHB Raúl Miranda 0-0: Ball
1-0: Called Strike
1-1: Called Strike
1-2: Ground out 6-3 (Groundball, 6S, EV 91.2 MPH)
Bottom of the 3rd over - 1 run, 3 hits, 0 errors, 2 left on base; Laredo 0 - Niagara Falls 2
TOP OF THE 4TH
Laredo Hawks batting - Pitching for Niagara Falls Expos : RHP Maximiano Agostinho
Batting: RHB Ji-hyun Yi 0-0: Ground out 4-3 (Groundball, 4, EV 97.5 MPH)
Batting: RHB Juan Oleastro 0-0: Called Strike
0-1: Called Strike
0-2: Foul Ball, location: 2F
0-2: SINGLE (Flyball, 5D, EV 82.5 MPH)
Batting: RHB Eddie Neef 0-0: Foul Ball, location: 2F
0-1: Ball
1-1: Hit by Pitch
Juan Oleastro to second
Batting: RHB Jesús Gómez 0-0: Called Strike
0-1: Ball
1-1: 3-RUN HOME RUN (Flyball, 7LD, EV 98.8 MPH), Distance : 346 ft
Batting: RHB Robby Long 0-0: Ball
1-0: Fly out, F8 (Flyball, 8LM, EV 90.6 MPH)
Batting: LHB Asberry Harpending 0-0: Ball
1-0: Ball
2-0: Foul Ball, location: 2F
2-1: Ball
3-1: Foul Ball, location: 2F
3-2: Strikes out swinging
Top of the 4th over - 3 runs, 2 hits, 0 errors, 0 left on base; Laredo 3 - Niagara Falls 2
BOTTOM OF THE 4TH
Niagara Falls Expos batting - Pitching for Laredo Hawks : LHP Miguel Núñez
Batting: RHB Juan Vázquez 0-0: Called Strike
0-1: Ball
1-1: Swinging Strike
1-2: Ball
2-2: Ball
3-2: Foul Ball, location: 2F
3-2: Base on Balls
Batting: RHB Frank Tatum 0-0: Swinging Strike
0-1: Ball
1-1: Foul Ball, location: 2F
1-2: Strikes out swinging
Batting: SHB Buretaua Taati 0-0: Foul Ball, location: 2F
0-1: Called Strike
0-2: Ball
1-2: Ball
2-2: SINGLE (Line Drive, 7S, EV 88.8 MPH)
Juan Vázquez to second
Batting: RHB Sincere Wushon David 0-0: Foul Ball, location: 2F
0-1: Ball
1-1: Fly out, F7 (Line Drive, 7, EV 102.5 MPH)
Batting: RHB Ambrose Watkins 0-0: SINGLE (Line Drive, 8RS, EV 94.4 MPH)
Juan Vázquez to third
Buretaua Taati to second
Runner from 3rd tries for Home, SAFE, throw by CF to home
Batting: RHB Bernard Langeman 0-0: Swinging Strike
0-1: Swinging Strike
0-2: Strikes out looking
Bottom of the 4th over - 1 run, 2 hits, 0 errors, 2 left on base; Laredo 3 - Niagara Falls 3
TOP OF THE 5TH
Laredo Hawks batting - Pitching for Niagara Falls Expos : RHP Maximiano Agostinho
Batting: RHB Jessie Gibbs 0-0: Called Strike
0-1: Ball
1-1: Swinging Strike
1-2: Ball
2-2: Foul Ball, location: 2F
2-2: Foul Ball, location: 2F
2-2: Strikes out swinging passed ball, reaches first!
Batting: RHB Doug Chapman 0-0: Ball
1-0: Bunted foul
1-1: Ball
2-1: Bunted foul
2-2: Foul Ball, location: 2F
2-2: Strikes out swinging
Batting: LHB Henry Head 0-0: Ball
1-0: Called Strike
1-1: Foul Ball, location: 2F
1-2: Ball
2-2: Ball
3-2: Foul Ball, location: 2F
3-2: Fly out, F8 (Flyball, 8LS, EV 84.4 MPH)
Batting: RHB Ji-hyun Yi 0-0: Swinging Strike
0-1: Foul Ball, location: 2F
0-2: Ball
1-2: Ball
2-2: Fielders Choice at 2nd, 6-4 (Groundball, 6, EV 80.0 MPH)
Top of the 5th over - 0 runs, 0 hits, 0 errors, 1 left on base; Laredo 3 - Niagara Falls 3
BOTTOM OF THE 5TH
Niagara Falls Expos batting - Pitching for Laredo Hawks : LHP Miguel Núñez
Batting: RHB Rafael Mastache 0-0: SINGLE (Groundball, 34D, EV 105.6 MPH)
Batting: SHB Junya Furuya 0-0: Ball
1-0: Swinging Strike
1-1: Called Strike
Rafael Mastache steals 2nd base
1-2: Ball
2-2: Ground out 5-3 (Groundball, 56S, EV 81.2 MPH)
Pitching: RHP Olivier Nogues
Batting: SHB Raúl Miranda 0-0: Ground out 6-3 (Groundball, 6, EV 95.6 MPH)
Batting: RHB Juan Vázquez 0-0: Ball
1-0: Ball
2-0: Ball
3-0: Base on Balls
Batting: RHB Frank Tatum 0-0: Ball
1-0: Ball
2-0: Called Strike
2-1: Ball
3-1: Swinging Strike
3-2: Foul Ball, location: 2F
3-2: Foul Ball, location: 2F
3-2: Foul Ball, location: 2F
3-2: Strikes out swinging
Bottom of the 5th over - 0 runs, 1 hit, 0 errors, 2 left on base; Laredo 3 - Niagara Falls 3
TOP OF THE 6TH
Laredo Hawks batting - Pitching for Niagara Falls Expos : RHP Maximiano Agostinho
Batting: RHB Juan Oleastro 0-0: Ball
1-0: Called Strike
1-1: Called Strike
1-2: Ball
2-2: Foul Ball, location: 2F
2-2: Ball
3-2: Strikes out swinging
Batting: RHB Eddie Neef 0-0: Fly out, F4 (Popup, 34, EV 71.2 MPH)
Batting: RHB Jesús Gómez 0-0: Ball
1-0: Ball
2-0: Foul Ball, location: 2F
2-1: Called Strike
2-2: Foul Ball, location: 2F
2-2: Foul Ball, location: 2F
2-2: Ball
3-2: Foul Ball, location: 2F
3-2: SINGLE (Line Drive, 5D, EV 105.0 MPH)
Pitching: RHP Curt Pless
Batting: RHB Robby Long 0-0: Ball
1-0: Called Strike
1-1: Swinging Strike
1-2: Strikes out swinging
Top of the 6th over - 0 runs, 1 hit, 0 errors, 1 left on base; Laredo 3 - Niagara Falls 3
BOTTOM OF THE 6TH
Niagara Falls Expos batting - Pitching for Laredo Hawks : RHP Olivier Nogues
Batting: SHB Buretaua Taati 0-0: Ball
1-0: Ground out 1-3 (Groundball, 34S, EV 66.9 MPH)
Batting: RHB Sincere Wushon David 0-0: Ball
1-0: Foul Ball, location: 2F
1-1: Called Strike
1-2: Ball
2-2: Strikes out looking
Batting: RHB Ambrose Watkins 0-0: Ball
1-0: Fly out, F9 (Flyball, 9LM, EV 95.0 MPH)
Bottom of the 6th over - 0 runs, 0 hits, 0 errors, 0 left on base; Laredo 3 - Niagara Falls 3
TOP OF THE 7TH
Laredo Hawks batting - Pitching for Niagara Falls Expos : RHP Curt Pless
Pitching: RHP Cristóbal López
Batting: LHB Asberry Harpending 0-0: Ball
1-0: Ball
2-0: Ball
3-0: Called Strike
3-1: Base on Balls
Batting: RHB Jessie Gibbs 0-0: Sac Bunt to 2R - play at first, batter OUT! 2-4
Asberry Harpending to second
Batting: RHB Doug Chapman 0-0: Ball
1-0: Ball
2-0: Foul Ball, location: 2F
2-1: Called Strike
2-2: Strikes out swinging
Batting: LHB Henry Head 0-0: Called Strike
0-1: Foul Ball, location: 2F
0-2: Ball
1-2: Ball
2-2: Ball
3-2: Ground out 4-3 (Groundball, 4D, EV 87.5 MPH)
Top of the 7th over - 0 runs, 0 hits, 0 errors, 1 left on base; Laredo 3 - Niagara Falls 3
BOTTOM OF THE 7TH
Niagara Falls Expos batting - Pitching for Laredo Hawks : RHP Olivier Nogues
Batting: RHB Bernard Langeman 0-0: Called Strike
0-1: Ball
1-1: Ball
2-1: Foul Ball, location: 2F
2-2: Ball
3-2: Strikes out swinging
Batting: RHB Rafael Mastache 0-0: Ball
1-0: Ball
2-0: Swinging Strike
2-1: Ball
3-1: Foul Ball, location: 2F
3-2: Strikes out swinging
Batting: SHB Junya Furuya 0-0: Called Strike
0-1: Ball
1-1: Swinging Strike
1-2: Hit by Pitch
Batting: SHB Raúl Miranda 0-0: Ball
1-0: Swinging Strike
1-1: Foul Ball, location: 2F
1-2: Strikes out swinging
Bottom of the 7th over - 0 runs, 0 hits, 0 errors, 1 left on base; Laredo 3 - Niagara Falls 3
TOP OF THE 8TH
Laredo Hawks batting - Pitching for Niagara Falls Expos : RHP Cristóbal López
Batting: RHB Ji-hyun Yi 0-0: Ground out 6-3 (Groundball, 6, EV 108.1 MPH)
Batting: RHB Juan Oleastro 0-0: Ball
1-0: Ball
2-0: Ball
3-0: Called Strike
3-1: Base on Balls
Pitching: LHP Ángel Toledo
Batting: RHB Eddie Neef 0-0: Ball
1-0: Called Strike
1-1: Foul Ball, location: 2F
1-2: Strikes out swinging
Batting: RHB Jesús Gómez 0-0: Ball
1-0: Foul Ball, location: 2F
1-1: Foul Ball, location: 2F
1-2: Ball
2-2: Foul Ball, location: 2F
2-2: Ground out U3 (Groundball, 3, EV 105.6 MPH)
Top of the 8th over - 0 runs, 0 hits, 0 errors, 1 left on base; Laredo 3 - Niagara Falls 3
BOTTOM OF THE 8TH
Niagara Falls Expos batting - Pitching for Laredo Hawks : RHP Olivier Nogues
Batting: RHB Juan Vázquez 0-0: Fly out, F8 (Line Drive, 8LD, EV 97.5 MPH)
Batting: RHB Frank Tatum 0-0: Fly out, F8 (Flyball, 8LM, EV 93.1 MPH)
Batting: SHB Buretaua Taati 0-0: Called Strike
0-1: Ball
1-1: Called Strike
1-2: DOUBLE (Line Drive, 89XD, EV 106.9 MPH)
Batting: RHB Sincere Wushon David 0-0: Ball
1-0: Ball
2-0: Ball
3-0: Called Strike
3-1: Called Strike
3-2: Strikes out swinging
Bottom of the 8th over - 0 runs, 1 hit, 0 errors, 1 left on base; Laredo 3 - Niagara Falls 3
TOP OF THE 9TH
Laredo Hawks batting - Pitching for Niagara Falls Expos : LHP Ángel Toledo
Batting: RHB Robby Long 0-0: Called Strike
0-1: Ball
1-1: Foul Ball, location: 2F
1-2: Ball
2-2: Ball
3-2: Ground out 5-3 (Groundball, 56, EV 82.5 MPH)
Batting: LHB Asberry Harpending 0-0: Ball
1-0: Called Strike
1-1: Ball
2-1: Ball
3-1: Foul Ball, location: 2F
3-2: Base on Balls
Batting: RHB Jessie Gibbs 0-0: Ball
1-0: Ball
2-0: Foul Ball, location: 2F
2-1: Ball
3-1: Foul Ball, location: 2F
3-2: Strikes out looking
Batting: RHB Doug Chapman 0-0: Called Strike
0-1: Ball
1-1: Ball
2-1: Fly out, F8 (Flyball, 8LS, EV 95.6 MPH)
Top of the 9th over - 0 runs, 0 hits, 0 errors, 1 left on base; Laredo 3 - Niagara Falls 3
BOTTOM OF THE 9TH
Niagara Falls Expos batting - Pitching for Laredo Hawks : RHP Olivier Nogues
Batting: RHB Ambrose Watkins 0-0: Called Strike
0-1: Ball
1-1: DOUBLE (Flyball, 9D, EV 96.2 MPH)
Pitching: LHP Mike Park
Pinch Hitting: RHB Pablo Saavedra 0-0: Ball
1-0: Ball
2-0: Ground out 5-3 (Groundball, 56, EV 83.8 MPH)
Batting: RHB Rafael Mastache 0-0: Called Strike
0-1: Ground out U3 (Groundball, 34, EV 98.8 MPH)
Ambrose Watkins to third
Batting: SHB Junya Furuya 0-0: Fly out, F8 (Line Drive, 8RM, EV 91.2 MPH)
Bottom of the 9th over - 0 runs, 1 hit, 0 errors, 1 left on base; Laredo 3 - Niagara Falls 3
TOP OF THE 10TH
Laredo Hawks batting - Pitching for Niagara Falls Expos : LHP Ángel Toledo
Now at 2B: Steve Womack
Batting: LHB Henry Head 0-0: Fly out, F8 (Flyball, 8RS, EV 95.0 MPH)
Batting: RHB Ji-hyun Yi 0-0: Ball
1-0: Ball
2-0: Called Strike
2-1: Foul Ball, location: 2F
2-2: Strikes out swinging
Batting: RHB Juan Oleastro 0-0: SINGLE (Groundball, 56D, EV 104.4 MPH)
Batting: RHB Eddie Neef 0-0: 2-RUN HOME RUN (Flyball, 89XD, EV 93.1 MPH), Distance : 407 ft
Batting: RHB Jesús Gómez 0-0: Ball
1-0: Called Strike
1-1: Swinging Strike
1-2: Fly out, F2 (Popup, 2R, EV 94.4 MPH)
Top of the 10th over - 2 runs, 2 hits, 0 errors, 0 left on base; Laredo 5 - Niagara Falls 3
BOTTOM OF THE 10TH
Niagara Falls Expos batting - Pitching for Laredo Hawks : LHP Mike Park
Pitching: RHP Pablo Sánchez
Now at 2B: Barton Boreland
Now in LF: Justice Bigbie
Batting: SHB Raúl Miranda 0-0: Fly out, F3 (Popup, 34, EV 61.2 MPH)
Batting: RHB Juan Vázquez 0-0: Called Strike
0-1: Ball
1-1: Foul Ball, location: 2F
1-2: Ball
2-2: Strikes out looking
Batting: RHB Frank Tatum 0-0: Swinging Strike
0-1: Called Strike
0-2: Fly out, F7 (Flyball, 7S, EV 91.9 MPH)
Bottom of the 10th over - 0 runs, 0 hits, 0 errors, 0 left on base; Laredo 5 - Niagara Falls 3
Friday, April 17th, 2020 - OOTP Baseball 20.8 Build 74